 Dungeon Crawl Stone Soup version 0.24-a0-520-g8fd06ad0bc (webtiles) character file.

Game seed: 8723673847734349506

23 Azzok the Firebug (level 3, -1/24 HPs)
             Began as a Barachi Fire Elementalist on July 23, 2019.
             Slain by a gnoll
             ... wielding a +0 club
              (2 damage)
             ... on level 1 of the Dungeon.
             The game lasted 00:01:17 (985 turns).

Azzok the Firebug (Barachi Fire Elementalist)        Turns: 985, Time: 00:01:18

Health: -1/24      AC:  2    Str:  9    XL:     3   Next: 0%
Magic:  0/7        EV: 13    Int: 16    God:
Gold:   40         SH:  0    Dex: 15    Spells: 6/7 levels left

rFire    . . .     SeeInvis .   b - +0 short sword
rCold    . . .     Gourm    .   (no shield)
rNeg     . . .     Faith    .   a - +0 robe
rPois    .         Spirit   .   (no helmet)
rElec    .         Reflect  .   (no cloak)
rCorr    .         Harm     .   (no gloves)
MR       +....                  (no boots)
Stlth    ++........             k - amulet of the acrobat
HPRegen  0.08/turn              h - +3 ring of dexterity
MPRegen  0.10/turn              m - ring of protection from magic

@: slow
A: +LOS, swims, slowness 1, strong legs 1
a: Hop


You were on level 1 of the Dungeon.
You were hungry.

You visited 1 branch of the dungeon, and saw 2 of its levels.

You collected 40 gold pieces.

Inventory:

Hand Weapons
 b - a +0 short sword (weapon)
Armour
 a - a +0 robe (worn)
Jewellery
 h - a +3 ring of dexterity (left hand)
 k - an amulet of the acrobat (around neck)
 m - a ring of protection from magic (right hand)
Scrolls
 e - 2 scrolls of identify {unknown}
 f - a scroll of random uselessness {unknown}
 i - a scroll of enchant armour {unknown}
 j - a scroll of blinking {unknown}
Potions
 d - 2 potions of brilliance {unknown}
 l - a potion of ambrosia {unknown}
Comestibles
 c - 3 rations


   Skills:
 - Level 2.1 Dodging
 - Level 1.7 Stealth
 + Level 2.7 Spellcasting
 + Level 2.0 Conjurations
 + Level 3.7 Fire Magic


You had 6 spell levels left.
You knew the following spells:

 Your Spells              Type           Power        Failure   Level  Hunger
a - Flame Tongue          Conj/Fire      ##...        6%          1    #......

Your spell library contained the following spells:

 Spells                   Type           Power        Failure   Level  Hunger
 Throw Flame              Conj/Fire      ##....       9%          2    ##.....
 Conjure Flame            Conj/Fire      ##......     19%         3    ###....
 Inner Flame              Hex/Fire       #.......     26%         3    ###....
 Sticky Flame             Conj/Fire      ##......     52%         4    #####..
 Fireball                 Conj/Fire      ##........   86%         5    ######.


Dungeon Overview and Level Annotations

Branches:
Dungeon (2/15)

Altars:


Innate Abilities, Weirdness & Mutations

Shadows flee at your approach. (+LOS)
You can swim through water.
You cover ground slowly.
You can hop short distances.


Message History

Your magical contamination has completely faded away.
Casting: Flame Tongue (safe; 6% risk of failure)
Confirm with . or Enter, or press ? or * to list all spells.
You don't have enough magic to cast that spell.
You hit the gnoll.
The gnoll is moderately wounded.
The gnoll misses you.
You hit the gnoll but do no damage.
The gnoll is moderately wounded.
The gnoll barely misses you.
You barely miss the gnoll.
The gnoll is moderately wounded.
The gnoll closely misses you.
You hit the gnoll.
The gnoll is severely wounded.
The gnoll barely misses you.
You hit the gnoll but do no damage.
The gnoll is severely wounded.
The gnoll hits you with a +0 club.
You die...

▒▒▒ ▒▒▒▒▒▒▒▒ ··▒▒
▒······▒▒▒▒▒▒ ···▒▒
▒·▒▒▒▒······▒ ▒···▒▒
▒·▒ ▒▒▒····▒ ▒▒···▒▒
▒▒·▒▒▒ ▒····▒
▒▒···▒▒▒····▒▒▒▒····▒
▒▒···▒·····▒▒······▒
▒▒)·······▒▒▒▒▒···▒
▒▒▒▒▒········▒^g@▒···▒
···········<·▒▒▒▒▒···▒
▒▒▒▒·········▒ ▒·▒▒▒
▒▒▒▒▒▒▒▒▒▒▒▒ ▒·▒▒
▒·······▒ ▒··▒
▒······▒▒ ▒▒▒··▒
▒▒▒······▒ ▒···▒▒
▒······(·▒ ▒▒▒·▒·▒
·········▒▒▒▒▒···▒·▒▒


You could see a gnoll.

Vanquished Creatures
  A dart slug (D:1)
  2 bats
  2 giant cockroaches (D:1)
  3 goblins
  4 hobgoblins (D:1)
  2 kobolds (D:1)
  A ball python (D:1)
  2 frilled lizards
  A rat (D:1)
18 creatures vanquished.

Notes
Turn   | Place    | Note
-------+----------+-------------------------------------------
     0 | D:1      | Azzok the Barachi Fire Elementalist began the quest for the
                  | Orb.
     0 | D:1      | Reached XP level 1. HP: 13/13 MP: 3/3
   453 | D:1      | Reached XP level 2. HP: 19/19 MP: 1/5
   965 | D:2      | Reached XP level 3. HP: 23/24 MP: 1/7
   980 | D:1      | HP: 1/24 [gnoll/+0 club (9)]
   985 | D:1      | Slain by a gnoll

Levels and vault maps discovered:
D:1:      elethiomel_arrival_shortcut, layout_rooms, st_stairs_4,
          grunt_decor_cap
D:2:      layout_rooms, uniq_crazy_yiuf_cottage

Skill      XL: |  1  2 |
---------------+-------+-----
Conjurations   | 2 |  2.0
Dodging        | |  2.1
Stealth        | |  1.7
Spellcasting   | |  2.7
Fire Magic     | |  3.7

Action                   || total
-------------------------++-------
Melee: Short sword       ||    18
 Cast: Flame Tongue      ||    27
Armor: Robe              ||     7
Dodge: Dodged            ||    26

Table legend:
 A = Non-vault XP
 B = Vault XP
 C = Vault XP percentage of total XP
 D = Non-vault monster count
 E = Vault monster count
 F = Vault count percentage of total count
                 A         B        C        D         E       F
            +---------+---------+-------+---------+---------+-------
      Total |      30 |       4 |  11.8 |      16 |       2 |  11.1
            +---------+---------+-------+---------+---------+-------
        D:1 |      25 |       4 |  13.8 |      13 |       2 |  13.3
        D:2 |       5 |       0 |   0.0 |       3 |       0 |   0.0
            +---------+---------+-------+---------+---------+-------
